Map: Shipwrecked LE

Players

Breakfast

  • Race: Terran Terran
  • Spawn Location: 5:00

Cthulhu

  • Race: Protoss Protoss
  • Spawn Location: 3:00

Throwfordays

  • Race: Protoss Protoss
  • League: Bronze
  • Spawn Location: 6:00

Faust

  • Race: Zerg Zerg
  • League: Platinum
  • Spawn Location: 5:00

johnkuo

  • Race: Terran Terran
  • Spawn Location: 9:00

SndHandSmoke

  • Race: Protoss Protoss
  • Spawn Location: 11:00

Avaris

  • Race: Terran Terran
  • League: Platinum
  • Spawn Location: 12:00

BigDaddy

  • Race: Terran Terran
  • Spawn Location: 9:00

VOD

Have the link to the VOD?

Description

Time

  • Played on: Jan. 28, 2019, 2:08 p.m.
  • Length: 22:04
Show
View Real Time Build Order
Export as new Build Order

Breakfast Terran 

Build Orders:  

Get SALT Encoding   

  12  0:03  SCV  
  13  0:21  SCV  
  14  0:35  Supply Depot, SCV  
  15  0:54  Supply Depot  
  15  0:56  SCV  
  16  1:00  Supply Depot  
  16  1:08  SCV  
  17  1:19  Supply Depot  
  17  1:20  SCV  
  19  1:32  SCV  
  19  1:44  Refinery  
  19  1:45  SCV  
  20  1:47  Barracks  
  20  1:52  Supply Depot  
  20  1:57  SCV  
  20  1:58  Refinery  
  21  2:16  Command Center  
  21  2:31  SCV  
  22  2:41  Marine  
  22  2:43  SCV  
  24  2:47  Factory  
  24  2:55  SCV  
  25  2:59  Marine  
  26  3:07  SCV  
  27  3:19  SCV  
  28  3:31  Orbital Command  
  28  3:33  Orbital Command  
  28  3:38  Factory Tech Lab  
  28  3:48  Armory  
  28  3:51  Armory  
  28  4:00  Factory  
  28  4:10  SCV  
  28  4:15  Refinery  
  29  4:17  Refinery  
  29  4:23  SCV  
  30  4:27  Siege Tank  
  33  4:35  SCV  
  34  4:47  SCV  
  35  4:59  SCV  
  36  5:08  Factory Reactor  
  36  5:11  SCV  
  37  5:23  SCV  
  38  5:36  Terran Vehicle And Ship Armor Level 1  
  38  5:38  Terran Vehicle Weapons Level 1  
  38  5:41  SCV  
  39  5:44  SCV  
  40  5:53  SCV  
  40  5:56  SCV  
  42  6:04  Factory Tech Lab  
  42  6:08  SCV  
  42  6:10  Barracks  
  43  6:12  Siege Tank  
  46  6:28  Marine  
  38  6:44  Siege Tank  
  38  6:46  Marine  
  40  7:04  Marine  
  41  7:11  Engineering Bay  
  41  7:18  SCV  
  41  7:21  Marine  
  43  7:30  SCV  
  44  7:39  Thor x2  
  44  7:42  SCV  
  57  7:44  Marine x3  
  60  7:54  SCV  
  61  8:02  Marine x2  
  61  8:04  Terran Vehicle Weapons Level 2  
  63  8:06  SCV  
  63  8:08  Terran Vehicle And Ship Armor Level 2  
  64  8:21  Thor  
  70  8:27  Missile Turret  
  70  8:57  Missile Turret  
  70  8:59  Marine x2, Thor  
  78  9:04  Thor, SCV  
  85  9:13  Supply Depot  
  85  9:16  SCV  
  86  9:17  Marine x2  
  86  9:22  Missile Turret  
  88  9:28  SCV  
  89  9:36  Supply Depot  
  89  9:56  Thor  
  89  9:57  Thor  
  89  9:58  Supply Depot  
  101  10:20  Supply Depot  
  101  10:26  Terran Vehicle Weapons Level 3  
  101  10:27  Terran Vehicle And Ship Armor Level 3  
  101  10:39  Thor  
  101  10:40  Thor  
  113  10:43  Supply Depot  
  113  11:05  Supply Depot  
  110  11:21  Thor  
  109  11:28  Supply Depot  
  109  12:08  Marine  
  109  12:09  Marine x2  
  112  12:26  Marine  
  112  12:27  Marine x2  
  115  12:35  Thor  
  115  12:37  Thor  
  127  12:44  Marine x3  
  130  13:02  Marine x3  
  133  13:20  Marine  
  134  13:37  Starport x2  
  134  13:58  Marine  
  134  13:59  Marine  
  134  14:00  Marine  
  137  14:15  Starport  
  137  14:16  Marine x2  
  139  14:17  Marine  
  140  14:34  Marine x2  
  140  14:35  Marine, Starport Reactor  
  140  14:36  Command Center, Starport Reactor  
  143  14:51  Marine  
  143  14:52  Marine  
  145  14:53  Marine  
  146  15:02  Viking  
  148  15:11  Marine  
  149  15:24  Thor x6  
  149  15:25  Thor x6  
  149  15:48  Viking x5  
  159  16:17  Viking x2  
  159  16:18  Viking x3  
  151  16:47  Viking x2  
  152  17:17  Viking  
  88  18:20  Thor x2  
  100  19:03  Thor x2  
  112  19:46  Thor x2  
  96  20:28  Thor  
  96  20:29  Thor  
  83  21:11  Thor x2  
  95  21:26  Orbital Command  
Show
View Real Time Build Order
Export as new Build Order

Cthulhu Protoss 

Build Orders:  

Get SALT Encoding   

  12  0:02  Probe  
  13  0:13  Probe  
  14  0:22  Pylon  
  14  0:23  Probe  
  15  0:35  Assimilator  
  15  0:40  Probe  
  16  0:51  Gateway  
  16  0:54  Probe  
  17  1:02  Probe  
  17  1:10  Probe  
  19  1:24  Pylon  
  19  1:26  Probe  
  20  1:38  Probe  
  21  1:40  Cybernetics Core  
  21  1:41  Gateway  
  21  1:43  Zealot  
  24  1:54  Probe  
  24  2:01  Assimilator  
  24  2:07  Pylon, Warp Gate  
  24  2:09  Probe  
  25  2:17  Probe  
  25  2:20  Stalker  
  28  2:29  Stalker  
  30  2:50  Stalker  
  32  3:01  Stalker  
  32  3:02  Forge  
  34  3:14  Pylon  
  34  3:23  Probe  
  34  3:25  Stalker  
  37  3:31  Stalker  
  39  3:37  Pylon  
  39  3:48  Nexus  
  39  4:11  Stalker  
  39  4:16  Assimilator  
  41  4:20  Assimilator  
  41  4:21  Twilight Council  
  41  4:30  Pylon  
  41  4:34  Gateway  
  41  4:37  Protoss Ground Weapons Level 1  
  41  4:38  Stalker  
  43  4:48  Stalker  
  45  5:06  Blink  
  45  5:21  Stalker x2  
  49  5:32  Stalker  
  51  5:43  Probe  
  52  5:51  Probe x2  
  54  5:58  Stalker  
  54  5:59  Stalker x2  
  54  6:01  Probe  
  54  6:03  Probe  
  61  6:11  Protoss Ground Weapons Level 2  
  54  6:30  Probe x2  
  56  6:39  Pylon  
  56  6:40  Stalker  
  56  6:42  Probe  
  59  6:59  Probe x2  
  57  7:44  Probe x2  
  59  7:48  Pylon  
  59  7:56  Probe  
  44  8:23  Probe  
  44  8:24  Probe  
  44  8:28  Stalker x3  
  44  8:30  Charge  
  50  8:36  Probe  
  50  8:40  Probe  
  52  8:44  Pylon  
  52  8:48  Probe  
  53  8:50  Photon Cannon  
  53  8:59  Pylon  
  53  9:01  Protoss Ground Weapons Level 3  
  53  9:03  Pylon  
  53  9:07  Stalker x2  
  53  9:08  Stalker  
  59  9:15  Pylon  
  51  9:30  Probe x2  
  51  9:39  Stalker  
  51  9:40  Stalker x2  
  57  10:09  Nexus  
  57  10:10  Pylon  
  29  11:22  Stalker  
  29  11:23  Stalker x2  
  35  11:31  Gateway  
  35  11:33  Gateway  
  35  11:34  Gateway  
  35  11:38  Protoss Ground Armor Level 1  
  35  11:45  Stalker x3  
  41  12:01  Stalker x2  
  41  12:02  Stalker  
  41  12:06  Probe  
  41  12:07  Photon Cannon  
  47  12:14  Probe  
  49  12:29  Robotics Facility  
  49  12:58  Stalker x3  
  51  13:01  Sentry  
  51  13:02  Sentry  
  43  13:41  Stalker x4  
  41  13:45  Probe x2  
  47  13:49  Probe  
  46  14:24  Stalker x2, Probe  
  51  14:32  Probe  
  52  15:10  Zealot  
  48  15:23  Photon Cannon  
  48  15:24  Photon Cannon  
  48  15:27  Photon Cannon  
  26  15:36  Stalker x2  
  30  15:43  Probe  
  30  15:47  Probe  
  31  15:51  Probe  
  31  15:55  Probe  
  30  17:25  Stalker  
  30  17:26  Stalker x2  
  30  17:27  Zealot x3  
  42  17:31  Nexus  
  42  17:33  Pylon  
  32  18:00  Zealot x5  
  32  18:01  Zealot  
  40  18:18  Photon Cannon  
  40  18:20  Photon Cannon  
  40  18:22  Photon Cannon  
  28  18:57  Zealot x5  
  28  18:58  Zealot  
  28  19:37  Observer  
  29  19:41  Zealot x2  
  29  19:42  Zealot x4  
  41  19:57  Observer  
  28  20:42  Stalker x3  
  32  20:43  Stalker  
Show
View Real Time Build Order
Export as new Build Order

Throwfordays Protoss 

Build Orders:  

Get SALT Encoding   

  12  0:00  Probe  
  13  0:12  Probe  
  14  0:18  Pylon  
  14  0:25  Probe  
  15  0:37  Probe  
  16  0:43  Gateway  
  16  0:49  Assimilator  
  16  1:02  Probe  
  17  1:14  Probe  
  18  1:26  Probe  
  18  1:32  Cybernetics Core  
  19  1:44  Probe  
  20  1:48  Nexus, Warp Gate  
  20  1:50  Assimilator  
  20  1:54  Zealot  
  22  2:03  Pylon  
  22  2:12  Probe  
  23  2:24  Probe  
  24  2:35  Pylon, Probe  
  25  2:42  Stalker  
  25  2:43  Probe  
  28  2:51  Probe  
  29  3:03  Probe  
  30  3:14  Nexus  
  30  3:15  Probe  
  30  3:19  Assimilator  
  31  3:23  Assimilator  
  31  3:25  Probe  
  32  3:27  Probe  
  33  3:37  Probe  
  33  3:39  Probe  
  35  3:49  Probe  
  35  3:51  Probe  
  37  4:01  Probe  
  37  4:02  Assimilator  
  38  4:03  Probe  
  38  4:07  Assimilator  
  39  4:13  Stalker  
  39  4:14  Probe  
  39  4:15  Probe  
  43  4:26  Probe  
  43  4:27  Probe  
  43  4:29  Twilight Council  
  45  4:32  Robotics Facility  
  45  4:35  Robotics Facility  
  45  4:37  Pylon  
  45  4:38  Stalker, Probe  
  48  4:39  Probe  
  48  4:44  Probe  
  50  4:53  Probe  
  50  4:56  Probe  
  52  5:06  Probe  
  53  5:07  Stalker  
  53  5:08  Probe  
  53  5:11  Pylon  
  53  5:13  Blink  
  56  5:15  Gateway  
  56  5:19  Gateway x2  
  56  5:20  Probe  
  57  5:22  Observer  
  57  5:24  Observer  
  59  5:32  Probe x2  
  61  5:39  Probe  
  61  5:40  Probe  
  62  5:44  Probe  
  62  5:48  Probe  
  64  5:51  Probe  
  66  5:58  Probe  
  66  6:01  Robotics Bay  
  66  6:03  Probe, Dark Shrine  
  68  6:05  Templar Archives  
  68  6:10  Probe  
  69  6:12  Pylon  
  69  6:14  Immortal x2  
  69  6:15  Probe  
  69  6:17  Stalker x2  
  69  6:18  Stalker  
  84  6:22  Probe  
  85  6:30  Probe  
  86  7:01  Immortal  
  90  7:07  Pylon  
  90  7:08  Pylon x2  
  90  7:10  Pylon x2  
  90  7:13  Probe  
  90  7:15  Probe  
  92  7:21  Probe  
  93  7:25  Immortal  
  93  7:27  Probe  
  98  7:31  Colossus  
  98  7:33  Probe  
  99  7:39  Probe  
  106  7:45  Probe  
  106  7:49  Colossus  
  106  7:56  Nexus  
  106  7:58  Extended Thermal Lance  
  106  8:02  Psionic Storm  
  112  8:15  Pylon x2  
  112  8:19  Colossus  
  118  8:38  Immortal  
  118  8:39  Pylon  
  118  8:40  Charge  
  122  8:53  Forge  
  122  8:55  Forge  
  122  8:56  Stalker  
  122  8:57  Stalker x3  
  130  9:13  Immortal  
  134  9:17  Immortal  
  138  9:28  Probe  
  139  9:35  Protoss Ground Weapons Level 1  
  139  9:36  Protoss Shields Level 1  
  139  9:38  Protoss Air Weapons Level 1  
  139  9:40  Probe  
  139  9:44  Stargate  
  140  9:45  Stargate  
  140  9:47  Stargate  
  140  9:49  Stargate  
  140  9:52  Probe, Immortal  
  145  9:57  Nexus  
  145  10:00  Pylon  
  145  10:03  Assimilator  
  145  10:04  Probe  
  145  10:05  Assimilator  
  145  10:06  Assimilator  
  146  10:09  Assimilator  
  146  10:16  Probe  
  147  10:26  Stargate  
  147  10:28  Stargate, Probe  
  148  10:40  Probe  
  149  10:52  Probe  
  150  10:57  Void Ray x4  
  144  11:35  Stalker x3  
  144  11:36  Stalker  
  144  11:38  Protoss Ground Weapons Level 2  
  144  11:39  Protoss Shields Level 2  
  151  11:40  Void Ray x4  
  166  11:52  Pylon  
  166  11:53  Pylon  
  166  11:55  Pylon  
  166  11:56  Pylon  
  166  11:58  Protoss Air Armor Level 1  
  166  12:12  Fleet Beacon  
  166  12:24  Probe  
  167  12:36  Probe  
  168  12:48  Stalker, Probe  
  168  12:49  Stalker x3  
  177  12:55  Void Ray x2  
  177  12:56  Void Ray x2  
  193  13:30  Pylon, Anion Pulse-Crystals  
  193  13:42  Protoss Air Weapons Level 2  
  160  15:44  Tempest x2  
  170  15:51  Pylon  
  170  15:53  Pylon  
  170  15:55  Pylon  
  170  15:57  Pylon  
  170  15:59  Pylon  
  170  16:01  Pylon  
  170  16:03  Pylon  
  170  16:05  Tempest  
  170  16:08  Tempest  
  170  16:09  Tempest x2  
  140  16:25  Protoss Ground Weapons Level 3  
  124  16:27  Tempest, Void Ray  
  129  16:35  Protoss Air Weapons Level 3  
  129  16:48  Void Ray  
  129  16:51  Void Ray  
  129  16:52  Void Ray x2  
  145  17:10  Void Ray x2  
  111  18:22  Void Ray  
  111  18:23  Void Ray x5  
  135  18:44  Nexus  
  135  18:52  Protoss Shields Level 3  
  135  19:05  Void Ray x3  
  147  19:16  Protoss Air Armor Level 2  
  80  21:17  Void Ray x6  
  84  21:28  Assimilator  
  84  21:31  Assimilator  
Show
View Real Time Build Order
Export as new Build Order

Faust Zerg 

Build Orders: Hatch First, Muta Ling Bane 

Get SALT Encoding   

  12  0:01  Drone  
  13  0:10  Drone  
  13  0:14  Extractor  
  13  0:16  Drone  
  15  0:23  Overlord  
  15  0:43  Drone x2  
  17  0:55  Hatchery  
  16  1:00  Drone  
  16  1:02  Drone  
  18  1:09  Drone  
  19  1:19  Spawning Pool  
  19  1:22  Extractor  
  19  1:24  Drone  
  18  1:40  Drone, Overlord  
  19  2:06  Queen  
  19  2:08  Zergling x2, Queen  
  22  2:09  Overlord  
  22  2:11  Zergling x2  
  22  2:14  Drone  
  26  2:37  Zergling x2  
  26  2:38  Zergling x6  
  26  2:44  Metabolic Boost  
  30  2:51  Drone  
  30  2:52  Drone x2  
  33  3:01  Drone  
  33  3:02  Drone  
  33  3:04  Lair  
  35  3:12  Drone  
  36  3:13  Drone  
  36  3:18  Baneling Nest  
  36  3:22  Drone x4  
  36  3:26  Overlord  
  40  3:33  Overlord  
  40  3:43  Extractor, Drone  
  40  3:44  Drone x2  
  40  4:10  Hatchery  
  40  4:16  Drone x2  
  37  4:19  Extractor  
  37  4:20  Extractor, Drone x4  
  37  4:21  Drone x2  
  37  4:23  Drone x2  
  43  4:28  Spire  
  42  4:34  Drone x2  
  44  4:43  Drone  
  44  4:44  Drone  
  46  4:51  Evolution Chamber  
  45  4:53  Evolution Chamber  
  45  4:54  Drone x2  
  45  4:56  Drone x4  
  50  5:10  Overseer  
  50  5:18  Overlord  
  50  5:19  Drone x6  
  50  5:20  Drone x2  
  58  5:34  Drone x2  
  60  5:41  Drone x3  
  63  5:45  Extractor x2  
  63  5:46  Drone x2  
  63  5:47  Drone  
  64  5:51  Zerg Flyer Weapons Level 1  
  64  5:53  Zerg Melee Weapons Level 1  
  64  5:56  Zerg Ground Armor Level 1  
  64  5:59  Infestation Pit  
  63  6:08  Overlord x3  
  63  6:12  Mutalisk  
  63  6:13  Mutalisk x4  
  63  6:16  Overlord  
  73  6:22  Overlord  
  73  6:26  Queen  
  75  6:35  Mutalisk x2  
  75  6:59  Mutalisk  
  75  7:00  Mutalisk x5  
  87  7:11  Drone x2  
  87  7:12  Drone x2  
  87  7:15  Drone x2  
  91  7:48  Pneumatized Carapace  
  91  7:49  Mutalisk  
  91  7:50  Mutalisk x3  
  91  7:51  Mutalisk x3  
  105  8:03  Zergling x18  
  105  8:04  Zergling x4  
  112  8:16  Centrifical Hooks  
  112  8:22  Zerg Melee Weapons Level 2, Zerg Ground Armor Level 2  
  112  8:26  Baneling x2  
  112  8:36  Zerg Flyer Weapons Level 2  
  87  9:37  Mutalisk  
  87  9:38  Mutalisk x8  
  87  9:45  Zergling x2  
  104  9:46  Zergling x4  
  104  9:47  Overlord x8  
  106  9:59  Overlord x3  
  106  10:17  Baneling  
  106  10:19  Baneling x3  
  106  10:20  Zergling x22  
  106  10:21  Zergling x4, Baneling  
  119  10:24  Hatchery  
  118  10:29  Hatchery  
  75  11:50  Zergling x2  
  75  11:51  Mutalisk x13  
  75  11:52  Mutalisk x7  
  108  12:21  Drone  
  108  12:22  Drone x11  
  118  12:33  Zerg Flyer Armor Level 1  
  118  12:35  Hive  
  118  12:42  Drone x6  
  118  12:43  Drone  
  125  12:52  Extractor  
  125  12:53  Drone x3  
  125  12:54  Extractor, Drone x3  
  129  13:10  Spore Crawler  
  128  13:13  Corruptor x2  
  128  13:14  Corruptor x10  
  128  13:19  Zergling x2  
  153  13:20  Zergling x10  
  153  13:23  Extractor  
  153  13:24  Extractor  
  156  13:29  Drone  
  156  13:30  Drone  
  150  13:46  Drone x3  
  138  14:00  Corruptor x6  
  138  14:01  Corruptor x3  
  156  14:07  Spine Crawler x2  
  156  14:08  Spine Crawler  
  153  14:17  Zerg Melee Weapons Level 3  
  153  14:21  Spire  
  146  14:58  Corruptor  
  146  14:59  Corruptor x6  
  138  15:03  Corruptor x5  
  146  15:10  Spore Crawler, Drone x3  
  146  15:11  Drone  
  142  15:23  Zergling x2  
  142  15:24  Zergling x20  
  142  15:44  Zerg Flyer Armor Level 2, Zerg Flyer Weapons Level 3  
  142  15:47  Zerg Ground Armor Level 3  
  142  15:53  Zergling x18  
  143  16:10  Zergling x2  
  143  16:11  Zergling x18  
  150  16:28  Baneling  
  150  16:29  Baneling x13  
  150  16:30  Baneling x4  
  150  16:31  Baneling  
  150  16:32  Zergling x12  
  111  17:05  Corruptor x7  
  97  17:20  Zergling x2  
  97  17:21  Zergling x6  
  99  17:33  Queen  
  95  18:59  Drone  
  95  19:00  Drone x3  
  95  19:02  Hatchery  
  98  19:06  Zergling x2  
  98  19:07  Zergling x2  
  100  19:11  Hatchery  
  57  20:05  Corruptor  
  57  20:06  Corruptor  
  44  20:41  Zergling x2  
Show
View Real Time Build Order
Export as new Build Order

johnkuo Terran 

Build Orders:  

Get SALT Encoding   

  12  0:02  SCV  
  13  0:21  Supply Depot  
  13  0:23  SCV  
  14  0:35  SCV  
  15  0:45  Barracks  
  15  0:47  SCV  
  16  0:53  Supply Depot  
  16  0:59  SCV  
  17  1:13  SCV  
  17  1:16  Barracks  
  18  1:25  SCV  
  19  1:29  Barracks  
  19  1:33  Marine  
  20  1:40  Orbital Command  
  20  1:46  Refinery  
  20  1:53  Marine  
  21  2:11  Marine, Supply Depot  
  21  2:13  SCV  
  23  2:18  Marine  
  24  2:24  Refinery  
  24  2:27  Engineering Bay  
  24  2:31  Barracks Tech Lab  
  24  2:32  Marine  
  24  2:34  SCV  
  24  2:36  Marine  
  27  2:46  SCV  
  28  2:53  Marauder  
  30  3:01  Marine  
  30  3:03  Barracks Reactor  
  31  3:10  SCV  
  31  3:11  Missile Turret  
  32  3:15  Marauder  
  34  3:22  Factory  
  34  3:33  Barracks Reactor  
  34  3:53  Marauder  
  34  3:54  Marine x2  
  38  3:58  Command Center  
  38  4:02  SCV  
  39  4:10  Factory Tech Lab  
  39  4:15  Starport  
  39  4:20  Missile Turret  
  39  4:28  Supply Depot  
  39  4:37  Stimpack  
  39  4:49  Siege Tank  
  39  4:50  Supply Depot  
  42  4:54  Starport Tech Lab  
  42  4:59  Starport  
  42  5:05  Refinery, SCV  
  43  5:17  SCV  
  44  5:29  Orbital Command  
  44  5:39  Starport Tech Lab  
  44  5:40  Raven  
  44  5:42  Marauder  
  48  5:43  Marine x2  
  48  5:45  SCV  
  51  5:57  SCV  
  51  5:59  SCV  
  51  6:04  Marauder  
  55  6:07  Medivac  
  55  6:11  SCV  
  58  6:16  Refinery  
  58  6:17  SCV  
  59  6:23  SCV  
  59  6:25  Marauder  
  62  6:27  Medivac  
  62  6:29  SCV  
  65  6:34  Armory  
  65  6:35  SCV  
  66  6:47  SCV  
  66  6:49  Starport  
  67  6:57  Banshee  
  70  7:06  Cloaking Field  
  70  7:07  Supply Depot  
  70  7:18  Concussive Shells  
  70  7:19  Starport  
  70  7:28  Marine x2  
  70  7:29  SCV, Marauder, Supply Depot  
  75  7:33  Starport Tech Lab  
  75  7:36  Marine x2  
  77  7:41  SCV  
  78  7:50  Banshee  
  78  7:51  Marauder  
  83  7:52  Supply Depot  
  83  8:02  Starport Tech Lab  
  82  8:11  Liberator  
  85  8:23  Terran Infantry Weapons Level 1  
  85  8:24  Fusion Core  
  85  8:25  Terran Ship Weapons Level 1  
  85  8:31  Banshee  
  88  8:36  SCV  
  88  8:37  SCV  
  88  8:40  Combat Shield  
  90  8:46  Supply Depot  
  90  8:51  Marine x2, Marauder  
  94  9:09  Supply Depot  
  94  9:11  Starport  
  94  9:13  Starport  
  94  9:18  Liberator  
  97  9:38  Liberator  
  100  9:52  Starport Tech Lab x2  
  100  10:00  Battlecruiser  
  106  10:07  Command Center  
  106  10:10  Missile Turret  
  105  10:31  Missile Turret  
  105  10:39  Terran Vehicle And Ship Armor Level 1  
  105  10:42  Supply Depot  
  105  10:50  Medivac  
  107  11:03  Refinery, Battlecruiser  
  107  11:04  Supply Depot  
  113  11:05  Banshee  
  116  11:14  Refinery  
  116  11:27  Supply Depot  
  116  11:31  Battlecruiser  
  122  11:43  Liberator  
  125  12:04  Battlecruiser  
  125  12:08  Marine x2, Marauder  
  135  12:16  Planetary Fortress  
  135  12:32  SCV  
  136  12:41  Battlecruiser  
  136  12:44  SCV  
  143  12:51  Weapon Refit  
  143  12:55  SCV  
  144  13:06  SCV  
  144  13:07  SCV x2  
  143  13:18  SCV  
  143  13:19  SCV  
  141  13:24  Battlecruiser  
  147  13:38  SCV  
  148  13:50  SCV  
  149  14:21  Supply Depot  
  149  14:29  SCV, Battlecruiser  
  165  14:31  Siege Tank, Battlecruiser  
  165  14:37  Terran Ship Weapons Level 2  
  165  14:42  Battlecruiser  
  165  14:43  Supply Depot  
  171  14:46  Supply Depot  
  171  15:04  Liberator  
  171  15:06  Supply Depot  
  174  15:08  Battlecruiser  
  174  15:09  Marine x2  
  174  15:11  Supply Depot  
  182  15:23  Banshee  
  182  15:33  Banshee  
  182  15:34  Supply Depot  
  185  15:46  Terran Infantry Armor Level 1  
  185  15:52  Battlecruiser  
  191  16:00  Liberator  
Show
View Real Time Build Order
Export as new Build Order

SndHandSmoke Protoss 

Build Orders: 1 Gate Expand, Oracle Opening 

Get SALT Encoding   

  12  0:01  Probe  
  13  0:16  Pylon  
  13  0:18  Probe  
  14  0:30  Probe  
  15  0:40  Probe  
  15  0:43  Gateway  
  15  0:48  Probe  
  17  0:57  Probe  
  18  1:16  Nexus  
  18  1:25  Assimilator  
  18  1:32  Assimilator  
  18  1:40  Cybernetics Core  
  18  1:44  Pylon  
  18  1:46  Probe  
  19  1:58  Probe  
  20  2:05  Pylon  
  20  2:10  Probe  
  21  2:20  Robotics Facility  
  21  2:28  Probe  
  22  2:31  Probe  
  23  2:40  Probe  
  23  2:43  Probe  
  25  2:46  Stargate  
  25  2:53  Probe  
  25  2:55  Probe  
  27  3:05  Assimilator, Probe  
  28  3:07  Probe  
  28  3:08  Assimilator  
  28  3:12  Observer  
  30  3:26  Stargate  
  30  3:30  Probe x2  
  32  3:42  Probe x2  
  32  3:46  Oracle  
  37  3:57  Adept  
  39  4:17  Void Ray  
  39  4:23  Void Ray  
  47  4:44  Protoss Air Weapons Level 1  
  47  4:48  Probe x2  
  49  4:55  Pylon  
  49  5:00  Probe x2  
  49  5:04  Nexus  
  51  5:12  Void Ray x2  
  59  5:17  Observer  
  59  5:21  Pylon  
  59  5:30  Stargate  
  59  5:35  Probe x2  
  61  5:36  Cybernetics Core  
  61  5:41  Pylon  
  61  5:47  Probe x2  
  63  5:58  Void Ray  
  63  5:59  Void Ray  
  63  6:03  Probe x2  
  73  6:15  Probe  
  74  6:53  Protoss Air Armor Level 1  
  74  7:00  Void Ray x2  
  79  7:07  Fleet Beacon  
  79  7:09  Probe x3  
  82  7:16  Assimilator  
  82  7:20  Assimilator  
  82  7:21  Probe x3  
  85  7:25  Pylon  
  85  7:27  Pylon  
  85  7:42  Void Ray  
  85  7:43  Void Ray  
  93  8:13  Void Ray  
  97  8:22  Probe  
  97  8:23  Probe x2  
  97  8:25  Phoenix  
  97  8:26  Phoenix  
  104  8:35  Probe x2  
  106  8:51  Phoenix  
  106  8:53  Pylon  
  106  8:54  Pylon  
  108  8:56  Pylon  
  108  8:58  Probe  
  109  9:11  Observer, Void Ray, Probe x3  
  109  9:12  Pylon, Phoenix  
  109  9:13  Pylon  
  109  9:15  Pylon  
  119  9:17  Pylon  
  119  9:20  Pylon  
  119  9:22  Pylon  
  119  9:23  Probe x2  
  119  9:25  Pylon  
  119  9:30  Void Ray x2  
  121  9:40  Protoss Air Armor Level 2  
  121  9:41  Protoss Air Weapons Level 2  
  121  9:44  Void Ray  
  121  9:45  Stargate  
  125  10:09  Void Ray x2  
  133  10:26  Void Ray  
  99  11:24  Void Ray x2  
  99  11:25  Void Ray x2  
  95  12:07  Void Ray x3  
  95  12:08  Void Ray  
  110  12:20  Protoss Air Armor Level 3  
  110  12:21  Protoss Air Weapons Level 3  
  110  12:50  Void Ray x4  
  126  13:14  Nexus  
  126  13:24  Void Ray x4  
  142  14:06  Void Ray x4  
  158  14:41  Void Ray  
  162  14:55  Void Ray x3  
  94  15:21  Void Ray  
  98  15:38  Void Ray x3  
  110  15:45  Assimilator  
  110  15:50  Assimilator  
  110  16:04  Void Ray  
  114  16:17  Void Ray x3  
  126  16:37  Void Ray  
  126  16:54  Carrier x3  
  148  17:20  Carrier  
  121  18:09  Void Ray x3  
  133  18:24  Void Ray  
  122  18:51  Void Ray  
  122  18:52  Void Ray x2  
  134  19:19  Void Ray  
  138  19:34  Void Ray x2  
  138  19:35  Void Ray  
  122  19:56  Void Ray  
  98  20:07  Void Ray x3  
  90  20:35  Void Ray  
  94  20:50  Void Ray x3  
  94  21:18  Void Ray  
  94  21:21  Assimilator  
  110  22:02  Nexus  
Show
View Real Time Build Order
Export as new Build Order

Avaris Terran 

Build Orders:  

Get SALT Encoding   

  12  0:02  SCV  
  13  0:15  SCV  
  14  0:25  Supply Depot  
  14  0:27  SCV  
  15  0:34  Refinery  
  15  0:47  SCV  
  16  0:51  Barracks  
  16  0:59  SCV  
  17  1:11  SCV  
  18  1:23  SCV  
  19  1:35  SCV  
  19  1:39  Reaper  
  21  2:03  Orbital Command  
  21  2:11  Refinery  
  21  2:17  Command Center  
  21  2:26  Factory  
  21  2:29  Barracks Tech Lab  
  21  2:32  SCV  
  21  2:44  SCV  
  22  2:57  SCV  
  23  3:00  Barracks Reactor  
  23  3:01  Supply Depot  
  23  3:23  Reaper  
  23  3:24  Siege Tank  
  27  3:27  Supply Depot  
  27  3:30  Starport  
  27  3:31  SCV  
  27  3:33  Orbital Command  
  28  3:43  SCV  
  29  3:55  SCV  
  30  3:56  Siege Tank  
  30  3:57  Barracks Reactor  
  32  4:27  SCV x2  
  34  4:34  Cyclone  
  37  4:39  SCV  
  37  4:42  Liberator  
  41  5:25  Cyclone  
  41  5:26  Mag-Field Accelerator  
  44  5:41  Orbital Command  
  44  5:44  Supply Depot  
  44  5:46  Supply Depot  
  44  5:48  Factory  
  43  6:05  SCV  
  43  6:09  Liberator  
  47  6:13  SCV  
  47  6:17  SCV  
  49  6:22  Siege Tank  
  49  6:25  SCV  
  53  6:29  SCV  
  54  6:37  SCV  
  55  6:41  SCV  
  56  6:48  Refinery, Liberator  
  56  6:49  SCV  
  56  6:53  SCV  
  56  6:54  Refinery  
  59  7:01  SCV  
  53  7:29  Siege Tank  
  38  7:55  Supply Depot, Command Center  
  38  7:56  Supply Depot x2  
  38  7:57  Command Center  
  38  8:24  Factory Reactor  
  38  8:25  Infernal Pre-Igniter  
  38  8:31  Factory  
  38  8:32  Factory  
  38  8:53  Armory  
  38  9:04  Engineering Bay  
  38  9:22  SCV  
  36  9:35  Factory Reactor x2  
  36  9:50  Hi-Sec Auto Tracking  
  36  10:03  Planetary Fortress  
  36  10:10  Missile Turret  
  36  10:13  Sensor Tower  
  35  10:15  Missile Turret  
  35  10:16  Refinery  
  35  10:25  Missile Turret  
  32  10:28  Missile Turret  
  31  10:44  SCV x2  
  31  10:49  Planetary Fortress  
  33  10:56  SCV x2  
  35  10:57  Missile Turret x2  
  35  11:01  Missile Turret  
  35  11:03  Missile Turret  
  35  11:08  SCV x2  
  37  11:19  Missile Turret  
  37  11:20  SCV x2  
  37  11:22  Refinery  
  39  11:32  SCV x2  
  25  11:48  Hellion x4  
  25  11:49  Hellion x3  
  25  11:54  SCV x3  
  38  12:06  SCV x3  
  41  12:09  Hellion x2  
  45  12:18  SCV  
  46  12:33  SCV x3  
  49  12:38  Refinery  
  49  12:45  SCV x2  
  51  12:53  Supply Depot  
  51  12:55  Supply Depot  
  51  12:56  Supply Depot  
  51  12:57  Supply Depot  
  55  13:05  Widow Mine  
  55  13:06  Widow Mine x6  
  61  13:20  Supply Depot  
  65  13:27  Widow Mine x6  
  65  13:28  Widow Mine  
  79  13:48  Widow Mine x2  
  79  13:49  Widow Mine  
  77  13:59  SCV x2  
  77  14:00  SCV, Missile Turret x2  
  72  14:03  Neosteel Armor  
  72  14:11  SCV  
  72  14:12  SCV, Terran Vehicle And Ship Armor Level 1  
  74  14:22  Hellion  
  74  14:23  Hellion x6  
  74  14:24  SCV  
  89  14:36  SCV  
  90  14:47  Command Center  
  90  15:29  Drilling Claws  
  88  16:06  Hellion x3  
  95  16:49  Widow Mine x5  
  95  16:50  Widow Mine x2  
  78  17:10  Widow Mine x2  
  78  17:11  Widow Mine  
  84  17:17  Widow Mine x3  
  84  17:18  Widow Mine  
  92  17:32  Widow Mine  
  80  17:53  Widow Mine x5  
  80  17:54  Widow Mine  
  92  18:08  SCV x3  
  95  18:16  Widow Mine x3  
  95  18:17  Widow Mine x4  
  106  18:38  Widow Mine x4  
  100  19:39  Refinery  
  100  19:40  Refinery  
  100  20:03  Cyclone  
  99  20:26  SCV x3  
  102  20:29  Planetary Fortress  
  102  20:35  Cyclone, Missile Turret x2  
  91  20:37  Missile Turret x2  
  91  20:38  SCV x2, Missile Turret  
  91  20:39  SCV  
  76  20:50  SCV x2  
  76  20:51  SCV  
  79  20:57  Missile Turret  
  79  20:58  Missile Turret  
  79  21:00  Missile Turret  
  79  21:02  SCV  
  79  21:03  SCV  
  81  21:05  Sensor Tower  
  84  21:13  Widow Mine x4  
  84  21:14  Widow Mine x3  
  95  21:25  Barracks  
  95  21:27  Orbital Command  
  95  21:34  Widow Mine x2  
  95  21:35  Widow Mine  
  101  21:46  SCV  
Show
View Real Time Build Order
Export as new Build Order

BigDaddy Terran 

Build Orders: Command Center First (CC) 

Get SALT Encoding   

  12  0:03  SCV  
  13  0:15  SCV  
  14  0:29  SCV  
  15  0:46  Supply Depot  
  15  1:09  SCV  
  16  1:21  SCV  
  17  1:35  Command Center  
  17  1:47  SCV  
  18  1:59  SCV  
  19  2:06  Barracks  
  19  2:11  SCV  
  20  2:20  Refinery  
  20  2:23  SCV  
  20  2:29  Refinery  
  21  2:35  SCV  
  22  2:47  SCV  
  22  2:49  Barracks  
  23  3:01  Engineering Bay  
  23  3:02  SCV  
  24  3:14  SCV  
  24  3:18  Command Center  
  24  3:19  Orbital Command  
  25  3:26  Orbital Command  
  25  3:40  Factory  
  25  3:46  Factory  
  25  3:50  Marine x2  
  27  4:07  Marine  
  27  4:08  Marine  
  29  4:25  Marine x2  
  31  4:32  Factory Tech Lab x2  
  31  4:36  Starport  
  31  4:38  Starport  
  31  4:44  Barracks Reactor  
  31  4:45  Barracks Reactor  
  31  4:53  SCV x3  
  34  5:02  Refinery  
  34  5:05  SCV  
  35  5:15  SCV  
  35  5:16  SCV  
  35  5:17  SCV  
  38  5:24  Marine x4  
  38  5:27  SCV  
  38  5:28  SCV  
  44  5:29  SCV  
  44  5:31  Starport Tech Lab  
  44  5:32  Starport Reactor  
  45  5:38  Starport  
  45  5:39  Starport  
  45  5:45  Refinery  
  45  6:02  SCV  
  46  6:05  SCV  
  47  6:14  SCV  
  47  6:17  SCV  
  49  6:26  Barracks x2  
  49  6:27  SCV  
  49  6:29  SCV  
  51  6:39  SCV  
  52  6:41  SCV  
  53  6:47  Fusion Core  
  53  6:51  SCV, Starport Reactor  
  53  6:52  Starport Reactor  
  53  6:53  SCV  
  55  6:55  Viking x3  
  55  6:59  Rapid Reignition System  
  61  7:17  Barracks  
  61  7:19  Barracks  
  61  7:52  Supply Depot x2  
  61  7:56  Corvid Reactor  
  61  7:57  Supply Depot  
  61  8:03  Weapon Refit  
  61  8:10  Barracks Tech Lab, Missile Turret  
  61  8:11  Barracks Reactor x3  
  61  8:13  Viking x6, SCV x2  
  61  8:14  Missile Turret  
  61  8:17  Supply Depot x2  
  75  8:26  SCV, Planetary Fortress  
  76  8:33  Missile Turret x2  
  76  8:39  Missile Turret  
  76  8:47  Marine x5  
  76  8:48  Marine x5  
  86  8:50  Marauder  
  86  8:53  Missile Turret  
  88  8:58  Missile Turret  
  88  9:15  Missile Turret  
  88  9:19  Missile Turret  
  88  9:34  SCV  
  88  9:36  Missile Turret  
  89  9:39  Missile Turret  
  89  9:47  SCV  
  89  9:48  Viking x4  
  89  9:52  Viking  
  100  9:56  Missile Turret  
  100  9:59  SCV  
  101  10:00  Missile Turret  
  101  10:02  Refinery  
  101  10:04  Refinery  
  101  10:19  Missile Turret  
  101  10:21  Missile Turret  
  101  10:30  Viking x3, SCV  
  108  10:36  Supply Depot  
  108  10:37  Supply Depot  
  108  10:38  Supply Depot  
  108  10:40  Missile Turret  
  108  10:42  SCV, Missile Turret  
  109  10:57  Raven, Viking  
  109  10:58  Viking, SCV  
  109  11:02  Missile Turret  
  116  11:10  SCV  
  117  11:12  Supply Depot  
  117  11:13  Supply Depot  
  117  11:22  SCV  
  117  11:24  Hi-Sec Auto Tracking, Missile Turret  
  118  11:34  SCV  
  118  11:37  Supply Depot  
  119  11:41  Armory  
  119  11:42  Armory  
  119  11:43  Armory  
  119  11:44  Missile Turret  
  119  11:46  SCV  
  120  11:49  Medivac x3  
  120  11:50  Medivac x2  
  120  11:51  Medivac  
  120  11:52  Medivac  
  134  12:05  Missile Turret  
  134  12:21  Terran Infantry Weapons Level 1  
  134  12:29  Battlecruiser  
  140  12:30  Viking x3  
  140  12:31  Viking x3  
  152  12:48  Marauder  
  152  12:49  Marine x7  
  152  12:50  Marine x3  
  164  13:07  Marine, Terran Vehicle Weapons Level 1  
  164  13:09  Terran Ship Weapons Level 1  
  164  13:11  Terran Vehicle And Ship Armor Level 1  
  165  13:27  Marine  
  165  13:28  Marine  
  165  13:30  Marine  
  165  13:32  Marine  
  165  13:33  Marine  
  165  13:45  Marine x6, Marauder  
  165  13:46  Marine  
  174  13:59  Engineering Bay  
  174  14:07  Marauder  
  175  14:16  Terran Infantry Armor Level 1  
  175  14:28  Marauder  
  177  14:34  Supply Depot  
  177  14:50  Marauder  
  177  14:51  Marine  
  177  14:52  Marine x9  
  187  14:57  Supply Depot  
  189  15:02  Combat Shield  
  189  15:09  Marine  
  189  15:10  Marine x10  
  200  15:19  Supply Depot  
  196  15:27  Marine  
  196  15:28  Marine x4  
  200  16:10  Neosteel Armor  
  198  16:42  Stimpack  
  71  17:45  Marine x3  
  71  17:46  Marine x8  
  66  18:03  Marine x7  
  66  18:04  Marine x4  
  74  18:21  Marine x11  
  74  18:22  Concussive Shells  
  85  18:36  Medivac  
  85  18:37  Medivac x4  
  85  18:38  Marine  
  85  18:39  Marine x10  
  106  18:43  Missile Turret  
  106  18:44  Missile Turret x2  
  106  18:45  Missile Turret  
  106  18:46  Missile Turret x2  
  106  18:56  Marine  
  106  18:57  Marine x10  
  108  19:14  Marine  
  108  19:15  Marine x10  
  119  19:33  Marine  
  119  19:35  Marine  
  119  19:36  Marine x9  
  127  19:50  Marine  
  128  19:53  Marine  
  128  19:54  Marine x9  
  138  20:08  Marine  
  138  20:11  Marine x4  
  138  20:12  Marine x6  
  147  20:26  Marine  
  148  20:29  Marine x6  
Tags
 
Add a new tag
Caveats
  • Supply blocks, unpowered buildings, or Contaminate may cause inaccurate times.
  • Supply counts are checked every 10 seconds.